 Dungeon Crawl Stone Soup version 0.24.1-14-gf8d2b509d9 (webtiles) character file.

Game seed: 1851694209181598234, levelgen mode: deterministic

120 Hugehornet the Magician (level 4, 0/24 HPs)
             Began as a Deep Elf Wizard on May 21, 2020.
             Was a Follower of Sif Muna.
             Killed by divine providence
             ... invoked by an orc priest
              (13 damage)
             ... on level 3 of the Dungeon.
             The game lasted 00:06:27 (3082 turns).

Hugehornet the Magician (Deep Elf Wizard)           Turns: 3082, Time: 00:06:28

Health: 0/24       AC:  3    Str:  4    XL:     4   Next: 75%
Magic:  10/13      EV: 13    Int: 24    God:    Sif Muna [*.....]
Gold:   76         SH:  0    Dex: 13    Spells: 0/13 levels left

rFire    . . .     SeeInvis .   n - +2 dagger (protect)
rCold    . . .     Gourm    .   (no shield)
rNeg     . . .     Faith    .   a - +0 robe
rPois    .         Spirit   .   b - +0 hat
rElec    .         Reflect  .   (no cloak)
rCorr    .         Harm     .   q - +0 pair of gloves
MR       .....                  (no boots)
Stlth    ++........             (no amulet)
HPRegen  0.08/turn              (no ring)
MPRegen  0.13/turn              (no ring)

@: no status effects
A: no striking features
a: Channel Magic, Renounce Religion


You were on level 3 of the Dungeon.
You worshipped Sif Muna.
Sif Muna was aware of your devotion.
You were hungry.

You visited 1 branch of the dungeon, and saw 3 of its levels.

You collected 76 gold pieces.

Inventory:

Hand Weapons
 n - a +2 dagger of protection (weapon)
 p - a +4 short sword of venom
Armour
 a - a +0 robe (worn)
 b - a +0 hat (worn)
 q - a +0 pair of gloves (worn)
Scrolls
 c - a scroll of enchant armour {unknown}
 e - 2 scrolls of immolation {unknown}
 f - a scroll of noise {unknown}
 h - a scroll of fog {unknown}
 i - a scroll of enchant weapon {unknown}
 j - a scroll of remove curse {unknown}
 k - 2 scrolls of identify {unknown}
Potions
 g - a potion of agility {unknown}
 l - a potion of berserk rage {unknown}
 m - a potion of curing {unknown}
Comestibles
 d - 5 rations


   Skills:
 - Level 2.4 Dodging
 - Level 2.4 Stealth
 - Level 5.0 Spellcasting
 - Level 3.0 Conjurations
 - Level 1.0 Hexes
 - Level 1.1 Summonings
 - Level 1.1 Translocations
 + Level 0.7 Fire Magic
 + Level 1.8 Air Magic
 + Level 2.0 Poison Magic
 + Level 0.0 Invocations


You couldn't memorise any spells.
You knew the following spells:

 Your Spells              Type           Power        Failure   Level  Hunger
a - Magic Dart            Conj           ###.         2%          1    None
b - Blink                 Tloc           N/A          9%          2    None
c - Call Imp              Summ           ##......     9%          2    None
d - Slow                  Hex            ##......     9%          2    None
e - Mephitic Cloud        Conj/Pois/Air  ###.....     11%         3    ##.....
f - Conjure Flame         Conj/Fire      ###.....     12%         3    ##.....

Your spell library contained the following spells:

 Spells                   Type           Power        Failure   Level  Hunger


Dungeon Overview and Level Annotations

Branches:
Dungeon (3/15)

Altars:
Elyvilon
Fedhas
Gozag
Sif Muna
Uskayaw
Yredelemnul


Message History

Aiming: Mephitic Cloud (safe; 11% risk of failure)
Press: ? - help, Shift-Dir - straight line, f - orc priest
Aim: an orc priest, wielding a +0 short sword and wearing a +0 leather armour
Okay, then.
There is an open door here.
Casting: Mephitic Cloud (safe; 11% risk of failure)
Confirm with . or Enter, or press ? or * to list all spells.
Aiming: Mephitic Cloud (safe; 11% risk of failure)
Press: ? - help, Shift-Dir - straight line, f - jackal
Aim: a jackal The ball explodes into a vile cloud!
The stinking cloud engulfs the jackal but does no damage.
The stinking cloud engulfs the orc priest but does no damage.
You are feeling hungry.
You hear a shout!
The orc priest is engulfed in noxious fumes.
The orc priest calls down the wrath of Beogh upon you.
Beogh smites you!
Ouch! That really hurt!
You die...

#..........#
#.#####.<..####
########.#####.........
.......................
########'####..........
#..........#..........
######..........#..........
.....#..........#..........
.....#..........@..........
[....#..........#.........
..?..........☼..#.........
...o).......oh#.#.........
.............○#.#.........
_..o..........'.#.........
.....o.......(###....##.##
..............# .....
.............<#


You could see an orc priest and a jackal.

Vanquished Creatures
  Robin (D:2)
  3 adders
  2 oozes (D:1)
  3 dart slugs
  2 leopard geckos
  An orc (D:3)
  4 giant cockroaches
  11 hobgoblins
  2 jackals (D:1)
  6 bats
  5 frilled lizards
  12 goblins
  8 kobolds
  5 rats
65 creatures vanquished.

Vanquished Creatures (collateral kills)
  A hobgoblin (D:2)
1 creature vanquished.

Grand Total: 66 creatures vanquished

Notes
Turn   | Place    | Note
-------+----------+-------------------------------------------
     0 | D:1      | Hugehornet the Deep Elf Wizard began the quest for the Orb.
     0 | D:1      | Reached XP level 1. HP: 10/10 MP: 7/7
   509 | D:1      | Reached XP level 2. HP: 15/15 MP: 5/9
   514 | D:1      | Learned a level 2 spell: Blink
   517 | D:1      | Learned a level 2 spell: Call Imp
   520 | D:1      | Learned a level 2 spell: Slow
   928 | D:1      | Reached skill level 5 in Spellcasting
  1071 | D:1      | Reached skill level 1 in Hexes
  1135 | D:1      | Reached XP level 3. HP: 19/19 MP: 7/11
  1140 | D:1      | Learned a level 3 spell: Mephitic Cloud
  1420 | D:2      | Found a basalt altar of Yredelemnul.
  1541 | D:2      | Noticed a +0 dagger
  1541 | D:2      | Noticed a +0 dagger
  1572 | D:2      | Found a hide-covered altar of Uskayaw.
  1680 | D:2      | Reached skill level 1 in Poison Magic
  1697 | D:2      | Found a blossoming altar of Fedhas.
  1784 | D:2      | Found a shimmering blue altar of Sif Muna.
  1790 | D:2      | Became a worshipper of Sif Muna the Loreminder
  1910 | D:2      | Found a white marble altar of Elyvilon.
  1928 | D:2      | Reached skill level 1 in Air Magic
  2035 | D:2      | Reached XP level 4. HP: 24/24 MP: 8/13
  2060 | D:2      | Noticed Robin
  2242 | D:2      | Killed Robin
  2567 | D:2      | Learned a level 3 spell: Conjure Flame
  2794 | D:3      | Reached * piety under Sif Muna
  2957 | D:3      | Found an opulent altar of Gozag.
  3082 | D:3      | Killed from afar by an orc priest

Levels and vault maps discovered:
D:1:      lemuel_arrival_lava_pool, layout_basic,
          chequers_serial_rivers_micro_a, minmay_pentomino_t2
D:2:      layout_loops_cross, nicolae_overflow_crystal_walls, fedhas_altar_1,
          dancing_weapons_uskayaw, led_sif_pool, elyvilon_altar_5, uniq_robin
D:3:      wander_river, layout_basic, lemuel_doored_altar,
          overflow_temple_1_default, uniq_crazy_yiuf_cottage

Skill      XL: |  1  2  3  4 |
---------------+-------------+-----
Conjurations   | 2 3 |  3.0
Spellcasting   | 5 |  5.0
Hexes          | 1 |  1.0
Poison Magic   | 1 2 |  2.0
Air Magic      | 1 |  1.8
Dodging        | |  2.4
Stealth        | |  2.4
Summonings     | |  1.1
Translocations | |  1.1
Fire Magic     | |  0.7

Action                   |  1- 3 |  4- 6 || total
-------------------------+-------+-------++-------
Melee: Unarmed           |     7 |       ||     7
       Dagger            |       |     9 ||     9
 Cast: Magic Dart        |   100 |    38 ||   138
       Mephitic Cloud    |       |     4 ||     4
  Eat: Chunk             |     3 |     3 ||     6
Armor: Robe              |    10 |     2 ||    12
Dodge: Dodged            |    26 |    10 ||    36
